 Dungeon Crawl Stone Soup version 0.25.1-2-g60ff931df9 (webtiles) character file.

Game seed: 1053593556581888693

64894 raphialitos the Peltast (level 14, -1/193 HPs)
             Began as a Minotaur Fighter on Oct 25, 2020.
             Was an Elder of Trog.
             Slain by a shambling mangrove (33 damage)
             ... on level 3 of the Swamp on Oct 26, 2020.
             The game lasted 00:49:26 (17026 turns).

raphialitos the Peltast (Minotaur Fighter)         Turns: 17026, Time: 00:49:27

Health: -1/193     AC: 18    Str: 32    XL:     14   Next: 73%
Magic:  13/13      EV: 19    Int:  5    God:    Trog [****..]
Gold:   1362       SH: 19    Dex: 18    Spells: 13/13 levels left

rFire    + + .     SeeInvis .   L - +1 hand axe of Focus {freeze, rC- Str+8 Dex+6}
rCold    . . .     Gourm    .   c - +3 kite shield
rNeg     + . .     Faith    .   G - quicksilver dragon scales of Tecysak {+Inv rN+ MR+ Stlth+}
rPois    .         Spirit   .   (helmet restricted)
rElec    .         Reflect  .   r - +0 cloak
rCorr    .         Harm     +   y - +0 pair of gloves
MR       +++..                  U - +1 pair of boots of Beogh's Generosity {Harm rF+ rC+}
Stlth    ..........             x - amulet of regeneration
HPRegen  0.82/turn              n - ring of protection from fire
MPRegen  0.13/turn              F - ring of protection from magic

@: berserking (expiring), lethally poisoned (-1 -> -2), very quick
A: retaliatory headbutt, horns 2
a: Berserk, Trog's Hand, Brothers in Arms, Renounce Religion, Evoke Invisibility


You were on level 3 of the Swamp.
You worshipped Trog.
Trog was greatly pleased with you.
You were hungry.

You visited 4 branches of the dungeon, and saw 18 of its levels.
You also visited: Sewer and Ice Cave.

You collected 1362 gold pieces.

Inventory:

Hand Weapons
 L - the +1 hand axe of Focus (weapon) {freeze, rC- Str+8 Dex+6}
   (You found it on level 1 of the Lair of Beasts)

   It has been specially enchanted to freeze those struck by it, causing extra
   injury to most foes and up to half again as much damage against particularly
   susceptible opponents.
   It can also slow down cold-blooded creatures.
   It affects your strength (+8).
   It affects your dexterity (+6).
   It makes you vulnerable to cold.
 T - a +4 battleaxe
Missiles
 j - 19 poisoned darts
 k - 82 sling bullets
 u - 8 silver boomerangs
 O - a boomerang (quivered)
 Q - 8 atropa-tipped darts
 R - 2 javelins
 S - 4 boomerangs of dispersal
 Y - 8 curare-tipped darts
Armour
 c - a +3 kite shield (worn)
 r - a +0 cloak (worn)
 y - a +0 pair of gloves (worn)
 G - the quicksilver dragon scales of Tecysak (worn) {+Inv rN+ MR+ Stlth+}
   (You found it on level 8 of the Dungeon)

   It protects you from negative energy.
   It affects your resistance to hostile enchantments.
   It lets you turn invisible.
   It makes you more stealthy.
 U - the +1 pair of boots of Beogh's Generosity (worn) {Harm rF+ rC+}
   (You found it on level 5 of the Lair of Beasts)

   It protects you from fire.
   It protects you from cold.
   It increases damage dealt and taken.
Jewellery
 m - an uncursed ring of ice
 n - a ring of protection from fire (left hand)
 x - an amulet of regeneration (around neck)
 F - a ring of protection from magic (right hand)
 X - a cursed amulet of inaccuracy {unknown}
Wands
 a - a wand of digging (3)
 i - a wand of clouds (6)
 C - a wand of random effects (38)
 H - a wand of polymorph (6)
 I - a wand of paralysis (13)
 V - a wand of disintegration (9)
 Z - a wand of flame (14)
Scrolls
 e - 4 scrolls of fog
 g - 2 scrolls of remove curse
 l - 4 scrolls of enchant weapon
 o - 10 scrolls of teleportation
 q - 2 scrolls of magic mapping
 s - 2 scrolls of immolation
 w - 3 scrolls of fear
 D - 2 scrolls of blinking
 J - a scroll of random uselessness {unknown}
 N - 2 scrolls of identify
 W - 2 scrolls of brand weapon {unknown}
Potions
 b - 3 potions of mutation
 d - 3 potions of might
 h - a potion of ambrosia
 p - a potion of haste
 t - 2 potions of heal wounds
 v - 6 potions of curing
 z - 6 potions of magic
 A - 2 potions of lignification
 B - 2 potions of berserk rage
 E - 2 potions of invisibility
 K - a potion of flight
 M - 2 potions of resistance {unknown}
 P - 2 potions of cancellation
Comestibles
 f - 29 rations


   Skills:
 + Level 13.4 Fighting
   Level 2.7 Long Blades
 + Level 15.5 Axes
 + Level 2.7 Throwing
 + Level 10.3 Armour
 + Level 9.7 Dodging
 + Level 5.2 Stealth
 + Level 16.5 Shields
 + Level 1.1 Evocations


You had 13 spell levels left.
You didn't know any spells.
Your spell library contained the following spells:

 Spells                   Type           Power        Failure   Level  Hunger
 Magic Dart               Conj           #...         56%         1    ##.....
 Blink                    Tloc           N/A          71%         2    ###....
 Call Imp                 Summ           #.......     71%         2    ###....
 Slow                     Hex            #.......     71%         2    ###....
 Conjure Flame            Conj/Fire      #.......     91%         3    ####...
 Mephitic Cloud           Conj/Pois/Air  #.......     91%         3    ####...


Dungeon Overview and Level Annotations

Branches:
Dungeon (8/15)             Temple (1/1) D:5            Lair (6/6) D:8
  Swamp (3/4) Lair:2        Snake (0/4) Lair:4        Slime (0/5) Lair:6
  Sewer (visited)           IceCv (visited)

Altars:
Ashenzari
Cheibriados
Dithmenos
Elyvilon
Fedhas
Gozag
Hepliaklqana
Kikubaaqudgha
Makhleb
Nemelex Xobeh
Okawaru
Qazlal
Ru
Sif Muna
Trog
Uskayaw
Vehumet
Wu Jian
Xom
Yredelemnul
Zin
The Shining One

Shops:
D:6 ?


Innate Abilities, Weirdness & Mutations

You reflexively headbutt those who attack you in melee.
You have a pair of horns on your head.


Message History

You closely miss the shadow.
You feel yourself speed up.
You feel sick. You block the shadow's attack.
You closely miss the shadow. You headbutt the shadow!
The shadow is moderately damaged.
* * * LOW HITPOINT WARNING * * *
The grasping roots constrict you!
You completely miss the shadow.
The shadow is moderately damaged.
You feel sick.
You slash the shadow! You headbutt the shadow.
You destroy the shadow!
Trog accepts your kill.
You escape the roots' grasp.
You enter the shallow water.
Moving in this stuff is going to be slow.
You feel sick.
You block the shambling mangrove's attack.
You feel a strong urge to attack something.
You feel sick. The shambling mangrove hits you!!
You die...

♣.≈≈ ..≈≈≈≈≈≈≈.
♣.≈≈ ♣.≈≈≈≈≈≈≈≈≈
♣.≈♣♣♣§...≈≈≈≈.♣
♣≈.≈≈≈.≈♣≈.$.≈♣
♣.≈≈≈≈≈....≈♣
♣.≈≈≈≈†♣≈≈.≈♣♣
♣..†<)..≈..≈♣♣
♣♣≈♣♣≈...≈≈≈.≈
♣♣..f@..≈≈≈≈.
♣.≈≈...≈(≈§..≈♣
♣..≈≈≈≈≈≈≈.≈.§≈.
♣..≈≈≈≈≈≈≈≈≈≈..≈
≈.≈..≈≈≈≈≈≈≈≈..≈
≈§≈♣..≈≈≈≈≈≈≈§./
♣♣♣♣♣♣.≈≈≈≈≈≈≈..
♣♣≈≈≈≈≈≈≈.≈


You could see a shambling mangrove.

Vanquished Creatures
  Frances (Swamp:2)
  The ghost of Foxy the Peltast, an adept GrFi of the Shining One (Swamp:1)
  4 hydras
  5 alligators
  3 shambling mangroves
  A ghost crab (Swamp:1)
  2 swamp dragons
  2 oklob plants
  2 ugly things (IceCv)
  2 ice statues (IceCv)
  26 elephants
  8 spiny frogs
  A black mamba (Lair:6)
  A torpor snail (Lair:6)
  A rime drake (Lair:6)
  9 komodo dragons
  4 polar bears (Lair:6)
  18 hornets
  23 blink frogs
  6 tyrant leeches
  13 slime creatures (Swamp:2)
  A dream sheep (Lair:6)
  6 hippogriffs
  3 bog bodies
  16 spriggans
  A shadow (Swamp:3)
  A vampire (D:8)
  5 basilisks
  4 hogs (D:7)
  Eustachio (D:4)
  36 yaks
  A wyvern (Lair:6)
  A human (D:7)
  11 vampire mosquitoes
  5 swamp worms
  6 nagas (Lair:4)
  10 water moccasins
  4 porcupines
  A sky beast (D:7)
  An orc warrior (D:8)
  6 ice beasts (IceCv)
  3 swamp drakes
  2 black bears (Lair:6)
  A phantom (D:4)
  A necrophage (D:6)
  3 ogres
  4 boggarts (Lair:6)
  35 wolves
  A centaur (D:5)
  16 crocodiles
  8 bullfrogs
  2 scorpions
  2 electric eels (Lair:6)
  A howler monkey (D:8)
  A bullfrog zombie (D:6)
  5 crimson imps
  2 hounds
  3 jellies
  5 orc priests
  A centaur skeleton (D:8)
  2 bullfrog skeletons (D:7)
  4 orc wizards
  2 iguanas
  3 worker ants
  A hound zombie (D:8)
  3 gnolls (D:2)
  7 adders
  2 howler monkey skeletons
  A shadow imp (D:5)
  3 oozes
  An adder zombie (D:6)
  An adder skeleton (D:5)
  5 worms
  3 dart slugs (D:1)
  2 leopard geckos
  14 orcs
  6 giant cockroaches
  4 goblins
  10 hobgoblins
  16 jackals
  3 quokkas
  5 ball pythons
  13 bats
  7 frilled lizards
  12 kobolds
  2 quokka skeletons (D:6)
  13 rats
  A bush (Lair:4)
  2 fungi (Lair:5)
497 creatures vanquished.

Vanquished Creatures (others)
  2 plants
2 creatures vanquished.

Grand Total: 499 creatures vanquished

Notes
Turn   | Place    | Note
-------+----------+-------------------------------------------
     0 | D:1      | raphialitos the Minotaur Fighter began the quest for the
                  | Orb.
     0 | D:1      | Reached XP level 1. HP: 19/19 MP: 0/0
    33 | D:1      | Reached skill level 4 in Shields
    33 | D:1      | Reached XP level 2. HP: 13/27 MP: 1/1
   698 | D:1      | Reached XP level 3. HP: 33/33 MP: 2/2
  1104 | D:2      | Reached skill level 1 in Axes
  1249 | D:2      | Noticed an ogre
  1257 | D:2      | Killed an ogre
  1257 | D:2      | Reached skill level 5 in Shields
  1257 | D:2      | Reached XP level 4. HP: 37/40 MP: 3/3
  1257 | D:2      | Reached XP level 5. HP: 43/46 MP: 4/4
  1260 | D:2      | Reached skill level 1 in Dodging
  1262 | D:2      | Found a faded altar of an unknown god.
  2660 | D:4      | Noticed a phantom
  2682 | D:4      | Reached XP level 6. HP: 53/53 MP: 5/5
  2772 | D:4      | Found a glowing drain.
  2782 | Sewer    | Entered a sewer
  2979 | D:4      | Reached skill level 5 in Axes
  2979 | D:4      | Reached skill level 5 in Armour
  3113 | D:4      | Reached skill level 5 in Fighting
  3113 | D:4      | Reached XP level 7. HP: 56/61 MP: 6/6
  3142 | D:4      | Noticed Eustachio
  3176 | D:4      | Killed Eustachio
  3176 | D:4      | Reached skill level 6 in Shields
  3371 | D:5      | Entered Level 5 of the Dungeon
  3840 | D:5      | Found a staircase to the Ecumenical Temple.
  3906 | D:5      | Reached XP level 8. HP: 40/69 MP: 7/7
  4151 | Temple   | Entered the Ecumenical Temple
  4273 | Temple   | Became a worshipper of Trog the Wrathful
  4381 | D:6      | Found a blossoming altar of Fedhas.
  4512 | D:6      | Found Pore's Magic Scroll Boutique.
  4706 | D:6      | Reached skill level 7 in Shields
  4728 | D:6      | Got a translucent leather armour
  4738 | D:6      | Identified the +1 leather armour of Uttoceill {rPois rC+}
                  | (You found it on level 6 of the Dungeon)
  5214 | D:7      | Found a sacrificial altar of Ru.
  5385 | D:7      | Found an iron altar of Okawaru.
  5395 | D:7      | Reached * piety under Trog
  5432 | D:7      | Reached skill level 1 in Stealth
  5588 | D:7      | Noticed a hornet
  5595 | D:7      | Killed a hornet
  5595 | D:7      | Reached XP level 9. HP: 65/78 MP: 8/8
  5763 | D:7      | Reached skill level 8 in Shields
  6057 | D:8      | Got masterwork quicksilver dragon scales
  6067 | D:8      | Identified the quicksilver dragon scales of Tecysak {+Inv
                  | rN+ MR+ Stlth+} (You found it on level 8 of the Dungeon)
  6112 | D:8      | Reached skill level 10 in Axes
  6385 | D:8      | Found a staircase to the Lair.
  7163 | Lair:1   | Entered Level 1 of the Lair of Beasts
  7218 | Lair:1   | Noticed a spiny frog
  7227 | Lair:1   | Killed a spiny frog
  7227 | Lair:1   | Reached XP level 10. HP: 76/88 MP: 9/9
  7405 | Lair:1   | Reached skill level 9 in Shields
  7459 | Lair:1   | Reached ** piety under Trog
  7483 | Lair:1   | Reached skill level 10 in Shields
  8073 | Lair:1   | Got a slimy hand axe
  8073 | Lair:1   | Identified the cursed +1 hand axe of Focus {freeze, rC-
                  | Str+8 Dex+6} (You found it on level 1 of the Lair of
                  | Beasts)
  8120 | Lair:2   | Reached XP level 11. HP: 97/97 MP: 10/10
  8185 | Lair:2   | Reached skill level 5 in Dodging
  8305 | Lair:2   | Reached *** piety under Trog
  8363 | Lair:2   | Reached skill level 11 in Shields
  8548 | Lair:2   | Noticed an oklob plant
  8673 | Lair:2   | Found a staircase to the Swamp.
  9001 | Lair:2   | Killed an oklob plant
  9250 | Lair:3   | Reached skill level 10 in Fighting
 10046 | Lair:4   | Noticed an oklob plant
 10170 | Lair:4   | Found a staircase to the Snake Pit.
 10177 | Lair:4   | Reached **** piety under Trog
 10191 | Lair:4   | Reached XP level 12. HP: 99/106 MP: 11/11
 10424 | Lair:4   | Reached skill level 12 in Shields
 11488 | Lair:5   | Reached skill level 1 in Throwing
 11489 | Lair:5   | Noticed a seven-headed hydra
 11503 | Lair:5   | Killed a 14-headed hydra
 11511 | Lair:5   | Got a pair of steaming boots
 11516 | Lair:5   | Identified the +1 pair of boots of Beogh's Generosity {Harm
                  | rF+ rC+} (You found it on level 5 of the Lair of Beasts)
 11830 | Lair:5   | Found a frozen archway.
 11852 | IceCv    | Entered an ice cave
 11853 | IceCv    | Found a transporter.
 11865 | IceCv    | Reached skill level 13 in Shields
 11890 | IceCv    | Got a pair of transparent gloves
 11900 | IceCv    | Identified the cursed -4 pair of gloves of Nonouk {*Drain
                  | Str+4} (You found it in an ice cave)
 12025 | IceCv    | Found a transporter.
 12471 | Lair:5   | Reached XP level 13. HP: 116/116 MP: 12/12
 12806 | Lair:6   | Entered Level 6 of the Lair of Beasts
 12852 | Lair:6   | Found a staircase to the Slime Pits.
 12919 | Lair:6   | Reached ***** piety under Trog
 13240 | Lair:6   | Reached skill level 14 in Shields
 13511 | Lair:6   | Received a gift from Trog
 13705 | Lair:6   | Reached skill level 15 in Shields
 14052 | Lair:6   | Found the +3 giant club "Skullcrusher" {speed, Str+7}
 14368 | Swamp:1  | Entered Level 1 of the Swamp
 14385 | Swamp:1  | Reached skill level 15 in Axes
 14532 | Swamp:1  | Reached skill level 10 in Armour
 14609 | Swamp:1  | Reached XP level 14. HP: 127/127 MP: 13/13
 14625 | Swamp:1  | Found a large runed translucent door.
 14626 | Swamp:1  | Found a large runed translucent door.
 14633 | Swamp:1  | Reached skill level 5 in Stealth
 15405 | Swamp:1  | Noticed Foxy's ghost (adept GrFi)
 15515 | Swamp:1  | Killed Foxy's ghost
 16254 | Swamp:2  | Reached skill level 16 in Shields
 16859 | Swamp:2  | Noticed Frances
 16879 | Swamp:2  | Killed Frances
 17017 | Swamp:3  | Reached skill level 1 in Evocations
 17026 | Swamp:3  | Slain by a shambling mangrove

Illustrated notes

Levels and vault maps discovered:
D:1:      dpeg_arrival_long_road, layout_basic, minmay_box_of_dots
D:2:      layout_basic, chequers_ecumenical_altar_island
D:3:      layout_rooms, first_ration, serial_co_window_serial,
          co_window_of_opportunity_a, co_window_paths_b, co_window_paths_a,
          co_window_corner_a, co_window_corner_a, co_window_2corner,
          co_window_cross_3, co_window_broadway_a, co_window_of_opportunity_b,
          co_window_paths_e, co_window_4corner_b, glass_columns_a,
          glass_columns_b, glass_columns_b, kennysheep_generic_room_14
D:4:      layout_rooms, cheibrodos_sewer_entry_drain, uniq_eustachio
D:5:      layout_basic, temple_statues
D:6:      layout_loops_ring, serial_rivers, chequers_serial_rivers_small_b,
          chequers_serial_rivers_small_a, chequers_serial_rivers_micro_e,
          chequers_serial_rivers_micro_b, serial_shops, nicolae_shop_crystal,
          fedhas_ov_isle_minmay
D:7:      layout_basic, nicolae_ru_awakened_eye, grunt_livestock,
          okawaru_altar_gauntlet_db
D:8:      layout_basic, lair_entry_dummy
Temple:   compressed_dpeg_circular_temple
Lair:1:   layout_concentric_octagons
Lair:2:   layout_chaotic_city, swamp_mist, grunt_megastairs_2,
          minmay_lair_oklob_chamber
Lair:3:   layout_cave_pods
Lair:4:   layout_misc_corridors, minmay_snake_entry_guardpost_medium,
          minmay_lair_oklob_bushes, beast_lair_carwin_7,
          infiniplex_staircase_pool
Lair:5:   layout_cave_pods, portal_ice_cave_entry_pillars_2, beast_lair_carwin_1
Lair:6:   minmay_lair_end_enchanted_forest, layout_regular_city, slime_dummy,
          nicolae_lair_grove_arrangements, serial_bayou_shore_a
Swamp:1:  layout_basic_swamp, ebering_ghost_disaster_area,
          evilmike_swamp_ruin_house_4
Swamp:2:  layout_falls_marsh, evilmike_swamp_ruin_rubble_1, uniq_frances
Swamp:3:  layout_basic_swamp, infiniplex_staircase_pool_2

Skill      XL: |  1  2  3  4  5  6  7  8  9 10 11 12 13 14 |
---------------+-------------------------------------------+-----
Shields        | 4 5 6 7 8 10 11 13 15 16 | 16.5
Fighting       | 4 5 6 7 9 10 11 12 13 | 13.4
Armour         | 4 5 6 8 9 10 | 10.3
Axes           | 2 4 5 6 8 10 12 13 14 15 | 15.5
Dodging        | 1 2 3 4 6 8 9 |  9.7
Stealth        | 1 2 4 5 |  5.2
Throwing       | 2 |  2.7
Evocations     | 1 |  1.1
Long Blades    | |  2.7

Action                   |  1- 3 |  4- 6 |  7- 9 | 10-12 | 13-15 || total
-------------------------+-------+-------+-------+-------+-------++-------
Melee: Long sword        |    34 |       |       |       |       ||    34
       Headbutt          |    11 |    17 |    47 |   219 |   226 ||   520
       Hand axe          |    67 |   111 |   262 |   527 |   646 ||  1613
Throw: Boomerang         |       |       |       |    12 |    17 ||    29
Invok: Berserk           |       |       |       |     5 |     5 ||    10
Evoke: Wand              |       |       |       |     5 |     7 ||    12
  Use: Scroll            |       |    11 |    10 |    11 |     1 ||    33
       Potion            |       |       |       |     1 |     7 ||     8
 Stab: Sleeping          |       |       |     1 |    10 |     7 ||    18
  Eat: Chunk             |     1 |     6 |    11 |    10 |     9 ||    37
       Ration            |       |       |     1 |     3 |     3 ||     7
Armor: Scale mail        |    43 |    36 |   119 |       |       ||   198
       Quicksilver drago |       |       |     6 |   100 |   116 ||   222
Dodge: Dodged            |    44 |    49 |   102 |   177 |   232 ||   604
Block: Kite shield       |    55 |    58 |   173 |   407 |   485 ||  1178
       Rpst.: Long sword |     2 |       |       |       |       ||     2
